 Dungeon Crawl Stone Soup version 0.19.1 (webtiles) character file.

141 lolipop the Caller (level 4, -11/33 HPs)
             Began as a Demigod Summoner on Dec 25, 2016.
             Mangled by an ogre
             ... wielding a +0 giant spiked club
              (23 damage)
             ... on level 5 of the Dungeon.
             The game lasted 01:08:08 (5557 turns).

lolipop the Caller (Demigod Summoner)               Turns: 5557, Time: 01:08:11

Health: -11/33     AC:  3    Str: 11    XL:     4   Next: 73%
Magic:  9/11       EV: 12    Int: 21    God:
Gold:   144        SH:  0    Dex: 16    Spells: 3 memorised, 1 level left

rFire  . . .     SeeInvis .     d - -1 hand axe (curse)
rCold  . . .     Gourm    .     D - -2 leather armour (curse)
rNeg   . . .     Faith    .     (no shield)
rPois  .         Spirit   .     (no helmet)
rElec  .         Reflect  .     n - +1 cloak
rCorr  .         Harm     .     (no gloves)
MR     .....                    (no boots)
Stlth  ++........               c - amulet of magic regeneration
                                (no ring)
                                (no ring)

@: no status effects
A: high mp 1
a: no special abilities


You were on level 5 of the Dungeon.
You were hungry.

You visited 2 branches of the dungeon, and saw 6 of its levels.

You collected 144 gold pieces.

Inventory:

Hand Weapons
 d - a cursed -1 hand axe (weapon)
 q - a +0 mace
 w - a +0 trident
 A - a +0 dagger
 B - a +1 flail
 C - a +0 hand axe
 E - a +0 short sword
Missiles
 i - 67 stones
 j - 45 arrows (quivered)
Armour
 a - a +0 robe
 g - a +0 robe
 h - a +0 scale mail
 m - a +1 leather armour of positive energy
 n - a +1 cloak (worn)
 o - the cursed +0 robe "Riothiypao" {*Drain rPois rF+++ MR-, unknown}
   (You found it on level 4 of the Dungeon)

   It renders you almost immune to fire.
   It protects you from poison.
   It affects your resistance to hostile enchantments.
   It causes draining when unequipped.
   It has a curse placed upon it.
 p - a +0 buckler
 v - a +0 chain mail
 z - a +0 leather armour
 D - a cursed -2 leather armour (worn)
Jewellery
 c - an amulet of magic regeneration (around neck)
 u - an uncursed amulet of faith
Wands
 s - a wand of iceblast (3/15)
Scrolls
 f - a scroll of random uselessness
 t - 3 scrolls of blinking
 x - 2 scrolls of immolation
Potions
 l - 2 potions of mutation
 r - 3 potions of brilliance
Books
 b - a book of Callings

   Spells                             Type                      Level
   a - Summon Small Mammal            Summoning                    1
   b - Call Imp                       Summoning                    2
   c - Call Canine Familiar           Summoning                    3
   d - Summon Guardian Golem          Hexes/Summoning              3
   e - Summon Lightning Spire         Summoning/Air                4
   f - Summon Ice Beast               Ice/Summoning                4
Comestibles
 k - a fruit
 F - a slice of pizza
 G - a bread ration
 H - a meat ration


   Skills:
 + Level 0.3 Maces & Flails
 + Level 0.1 Armour
 + Level 2.1 Dodging
 + Level 1.9 Stealth
 + Level 2.9 Spellcasting
 * Level 4.6 Summonings
 * Level 0.5 Evocations


You had one spell level left.
You knew the following spells:

 Your Spells              Type           Power        Failure   Level  Hunger
a - Summon Small Mammal   Summ           ###.         2%          1    None
b - Call Imp              Summ           ###.....     4%          2    ##.....
c - Summon Ice Beast      Ice/Summ       ##......     71%         4    ####...


Dungeon Overview and Level Annotations

Branches:
Dungeon (5/15)             Temple (1/1) D:4


Innate Abilities, Weirdness & Mutations

You have an increased reservoir of magic. (+10% MP)


Message History

The hound bites you. The hound barely misses you.
The ogre barely misses your white imp.
You barely miss the hound.
The hound is almost dead.
The hound barely misses you. The hound closely misses you.
The ogre hits your white imp with a giant spiked club!
Your white imp dies!
An iguana comes into view.
Unknown command.
You hit the hound.
The hound is almost dead.
The hound bites you but does no damage. The hound bites you.
Casting: Call Imp
Confirm with . or Enter, or press ? or * to list all spells.
A beastly little devil appears in a puff of flame.
You are feeling hungry.
The hound barely misses you. The hound closely misses you.
The ogre hits you with a giant spiked club!!
Ouch! That really hurt!
You die...

#.#..##.#
#.#...#.##
#........#
........#
#.##.##<#
#.l.. #.#
#.5####.#
#.O.....#
##@######
#h# #.#
#.# #.#
#.# ..#
###


You could see an ogre, an iguana, a hound and a friendly crimson imp.

Vanquished Creatures
  An adder (D:4)
  4 orcs
  2 goblins
  3 hobgoblins (D:3)
  2 jackals
  A bat (D:3)
  2 frilled lizards
  A kobold (D:1)
  A rat (D:1)
17 creatures vanquished.

Vanquished Creatures (collateral kills)
  A hound (D:5)
  An orc wizard (D:3)
  2 adders (D:2)
  An ooze (D:3)
  2 worms
  3 dart slugs (D:1)
  2 leopard geckos
  10 orcs (D:3)
  A ball python (D:2)
  3 giant cockroaches
  10 goblins
  12 hobgoblins
  4 jackals
  3 quokkas
  5 bats
  5 frilled lizards
  8 kobolds
  7 rats
80 creatures vanquished.

Grand Total: 97 creatures vanquished

Notes
Turn   | Place    | Note
-------+----------+-------------------------------------------
     0 | D:1      | lolipop the Demigod Summoner began the quest for the Orb.
     0 | D:1      | Reached XP level 1. HP: 14/14 MP: 5/5
   633 | D:1      | Reached XP level 2. HP: 9/20 MP: 4/7
   637 | D:1      | Learned a level 2 spell: Call Imp
   917 | D:1      | Reached skill level 4 in Summonings
  2527 | D:2      | Reached XP level 3. HP: 12/26 MP: 2/9
  3201 | D:2      | Found a snail-covered altar of Cheibriados.
  4235 | D:3      | Reached XP level 4. HP: 26/33 MP: 6/10
  4767 | D:4      | Learned a level 4 spell: Summon Ice Beast
  4930 | D:4      | Found a staircase to the Ecumenical Temple.
  4938 | D:4      | Got a faintly humming robe
  5010 | Temple   | Entered the Ecumenical Temple
  5524 | D:5      | Entered Level 5 of the Dungeon
  5542 | D:5      | Noticed an ogre
  5557 | D:5      | Mangled by an ogre

Skill      XL: |  1  2 |
---------------+-------+-----
Dodging        | 2 |  2.1
Summonings     | 4 |  4.6
Spellcasting   | 2 |  2.9
Maces & Flails | |  0.3
Armour         | |  0.1
Stealth        | |  1.9
Evocations     | |  0.5

Action                   |  1- 3 |  4- 6 || total
-------------------------+-------+-------++-------
Melee: Club              |    49 |       ||    49
       Flail             |     4 |    21 ||    25
       Hand axe          |       |    28 ||    28
Throw: Stone             |     3 |       ||     3
 Cast: Summon Small Mamm |    48 |     1 ||    49
       Call Imp          |    61 |    12 ||    73
  Use: Scroll            |     7 |     7 ||    14
       Potion            |       |     1 ||     1
 Stab: Distracted        |     1 |     1 ||     2
  Eat: Bread ration      |     2 |       ||     2
       Chunk             |     5 |     3 ||     8
       Fruit             |       |     2 ||     2
Armor: Robe              |    54 |     8 ||    62
       Leather armour    |       |    12 ||    12
Dodge: Dodged            |   109 |    54 ||   163
